Map: Chantier naval orbital

Players

Smurf - Winner!

  • Race: Zerg Zerg
  • League: Gold

VOD

Have the link to the VOD?

Description

Time

  • Played on: Sept. 25, 2015, 5:49 a.m.
  • Length: 8:15
Show
View Real Time Build Order
Export as new Build Order

Smurf Zerg - Winner!

Build Orders: Hatch First 

Get SALT Encoding   

  12  0:02  Drone  
  12  0:13  Overlord  
  12  0:17  Drone  
  12  0:31  Drone x2  
  12  0:35  Drone  
  12  0:45  Drone  
  12  0:56  Hatchery  
  12  1:13  Spawning Pool  
  12  1:16  Extractor  
  12  1:17  Drone  
  12  1:21  Drone  
  12  1:24  Drone  
  12  1:29  Drone  
  12  1:40  Overlord  
  12  1:51  Drone  
  12  2:02  Queen  
  12  2:03  Zergling x2  
  12  2:08  Queen  
  12  2:10  Zergling x2  
  12  2:16  Metabolic Boost  
  12  2:18  Drone  
  12  2:20  Drone  
  12  2:23  Drone  
  12  2:30  Drone  
  12  2:33  Overlord  
  12  2:42  Zergling x2  
  12  2:47  Zergling x2  
  12  2:52  Zergling x2  
  12  2:57  Baneling Nest, Zergling x2  
  12  3:03  Zergling x2  
  12  3:05  Zergling x2  
  12  3:12  Zergling x8  
  12  3:18  Zergling x2  
  12  3:20  Overlord  
  12  3:29  Drone  
  12  3:30  Drone x3  
  12  3:45  Drone x4  
  12  3:46  Overlord  
  12  3:52  Baneling  
  12  3:53  Baneling x6  
  12  3:55  Drone  
  12  3:56  Drone x3  
  12  4:06  Overlord  
  12  4:08  Extractor  
  12  4:09  Drone x3  
  12  4:10  Extractor  
  12  4:22  Drone x3  
  12  4:24  Drone  
  12  4:33  Drone  
  12  4:34  Drone  
  12  4:35  Extractor  
  12  4:36  Drone x3  
  12  4:39  Lair  
  12  4:42  Roach Warren  
  12  4:43  Roach Warren  
  12  4:46  Evolution Chamber  
  12  4:47  Evolution Chamber  
  12  4:55  Drone x3  
  12  5:11  Overlord  
  12  5:17  Queen  
  12  5:18  Overlord  
  12  5:20  Zergling x8  
  12  5:24  Overlord  
  12  5:26  Hatchery  
  12  5:30  Zerg Ground Armor Level 1, Zerg Melee Weapons Level 1  
  12  5:56  Overlord  
  12  6:08  Drone  
  12  6:09  Drone x7  
  12  6:10  Drone x6  
  12  6:11  Drone x2  
  12  6:19  Overseer  
  12  6:22  Drone, Spire  
  12  6:26  Drone  
  12  6:27  Roach Warren  
  12  6:42  Extractor  
  12  6:46  Extractor  
  12  6:48  Drone x3  
  12  6:50  Drone x3  
  12  6:53  Drone x3  
  12  6:55  Overlord x2  
  12  6:57  Hatchery  
  12  7:12  Overlord  
  12  7:13  Zergling x6  
  12  7:14  Zergling x16  
  12  7:15  Zergling x4  
  12  7:28  Overlord  
  12  7:29  Overlord  
  12  7:43  Mutalisk x6  
  12  7:44  Mutalisk x4  
  12  7:45  Mutalisk  
  12  7:47  Zergling x10  
Tags
 
Add a new tag
Caveats
  • Supply blocks, unpowered buildings, or Contaminate may cause inaccurate times.
  • Supply counts are checked every 10 seconds.